 Dungeon Crawl Stone Soup version 0.27.0-1-g7a089689b8 (webtiles) character file.

Game seed: 7511398200495971348

303 Tutankhamun the Cutter (level 6, 0/37 HPs)
             Began as a Kobold Brigand on Aug 15, 2021.
             Was an Initiate of Okawaru.
             Slain by Duvessa (9 damage)
             ... on level 4 of the Dungeon.
             The game lasted 00:03:41 (4588 turns).

Tutankhamun the Cutter (Kobold Brigand)             Turns: 4588, Time: 00:03:42

Health: 0/37       AC:  6    Str:  8    XL:     6   Next: 65%
Magic:  6/6        EV: 16    Int: 12    God:    Okawaru [......]
Gold:   279        SH:  0    Dex: 19    Spells: 5/5 levels left

rFire    . . .     SeeInvis .   h - +2 dagger (freeze)
rCold    . . .     Faith    .   (shield restricted)
rNeg     . . .     Spirit   .   b - +0 robe
rPois    .         Reflect  .   d - +0 helmet
rElec    .         Harm     .   c - +1 cloak
rCorr    .         Rampage  .   m - +0 pair of gloves
Will     .....                  (no boots)
Stlth    ++++......             (no amulet)
HPRegen  0.12/turn              (no ring)
MPRegen  0.10/turn              (no ring)

@: no status effects
A: small, no large weapons, nightstalker 3
a: Renounce Religion


You were on level 4 of the Dungeon.
You worshipped Okawaru.
Okawaru was noncommittal.
You visited 2 branches of the dungeon, and saw 5 of its levels.

You collected 279 gold pieces.

Inventory:

Hand Weapons
 a - a +2 dagger
 h - a +2 dagger of freezing (weapon)
Missiles
 k - 8 poisoned darts (quivered)
Armour
 b - a +0 robe (worn)
 c - a +1 cloak (worn)
 d - a +0 helmet (worn)
 m - a +0 pair of gloves (worn)
Scrolls
 j - a scroll of enchant weapon
 l - a scroll of identify
 n - 2 scrolls of noise
Potions
 e - a potion of flight {unknown}
 f - a potion of lignification {unknown}
 g - a potion of invisibility {unknown}
 i - a potion of brilliance {unknown}


   Skills:
 + Level 3.3 Fighting
 * Level 6.6 Short Blades
 - Level 2.1 Throwing
 * Level 4.2 Dodging
 - Level 5.3 Stealth


You had 5 spell levels left.
You didn't know any spells.
Your spell library was empty.

Dungeon Overview and Level Annotations

Branches:
Dungeon (4/15)             Temple (1/1) D:4

Altars:
Ashenzari
Cheibriados
Dithmenos
Elyvilon
Fedhas
Gozag
Hepliaklqana
Kikubaaqudgha
Makhleb
Nemelex Xobeh
Okawaru
Qazlal
Ru
Sif Muna
Uskayaw
Vehumet
Wu Jian
Xom
Yredelemnul
Zin
The Shining One

Annotations:
D:4 Duvessa


Innate Abilities, Weirdness & Mutations

You are small and have problems with some larger weapons.
You are completely attuned to the shadows.


Message History

You spit Dowan like a pig!!! You freeze Dowan!
You kill Dowan!
Okawaru is honoured by your kill.
Duvessa weeps, then rights herself and shakes her weapon.
Duvessa goes berserk!
Duvessa rages.
Duvessa hits you with a +0 rapier!
Duvessa rages.
Duvessa closely misses you. Duvessa hits you with a +0 rapier!
As you read the scroll labelled CELUEXK OMOE, it crumbles to dust.
It is a scroll of enchant weapon.
Your +1 dagger of freezing glows red for a moment.
Duvessa hits you with a +0 rapier. Duvessa closely misses you.
As you read the scroll labelled OLARAK HICHUTASS, it crumbles to dust.
It is a scroll of identify.
n - 2 scrolls of noise Duvessa completely misses you.
As you read the scroll labelled IPELEAB VEADA, it crumbles to dust.
It is a scroll of enchant armour.
Your +0 cloak glows green for a moment.
Duvessa hits you with a +0 rapier!
* * * LOW HITPOINT WARNING * * *
Duvessa hits you with a +0 rapier.
* * * LOW HITPOINT WARNING * * *
As you read the scroll labelled LUH JIAFOATSAI, it crumbles to dust.
Wisps of shadow whirl around you...
It was a scroll of summoning.
Duvessa hits you but does no damage.
You swap places.
Duvessa barely misses your goblin. x2
Your gnoll closely misses Duvessa.
Your goblin barely misses Duvessa.
Duvessa hits your goblin with a +0 rapier!
Your goblin dies!
Your goblin's corpse dissolves into shadows!
Your gnoll hits Duvessa with a +0 spear.
Your hobgoblin closely misses Duvessa.
Duvessa hits your hobgoblin with a +0 rapier!
Your hobgoblin dies!
Your hobgoblin's corpse dissolves into shadows!
You hear a shout!
Duvessa hits you with a +0 rapier!
You die...

#######.####### #.#
#........gg.gg# #.#
#.#####.#####.# #.# ..#
##.## #.####.###### ###
#/..# ##.g.........#
#....)..>.......###.#
#....#########..# #)# #.#.##
######..# #.# #.#.
..<.@e..###.# #.#
######......#
#.############.#.#..#
#.#.≈†≈≈≈≈≈≈≈.###...#
####<..≈≈††.≈≈≈≈..#.#..#
##......≈≈≈≈≈≈≈≈≈(......#
......##############.##.####
...#####..........##.##....#
#### ###.##.###.##.#####.#


You could see Duvessa (berserk).

Vanquished Creatures
  Dowan (D:4)
  A hound (D:4)
  An orc wizard (D:2)
  A killer bee zombie (D:4)
  A hound skeleton (D:4)
  Robin (D:4)
  4 gnolls (D:2)
  3 adders
  A howler monkey skeleton (D:4)
  A dart slug (D:2)
  3 orcs
  6 bats
  9 endoplasms
  5 giant cockroaches
  10 goblins
  4 hobgoblins
  5 jackals
  3 quokkas
  3 ball pythons
  3 frilled lizards (D:3)
  7 kobolds
  7 rats
80 creatures vanquished.

Vanquished Creatures (others)
  8 fungi (D:3)
  3 toadstools (D:3)
11 creatures vanquished.

Grand Total: 91 creatures vanquished

Notes
Turn   | Place    | Note
-------+----------+-------------------------------------------
     0 | D:1      | Tutankhamun the Kobold Brigand began the quest for the Orb.
     0 | D:1      | Reached XP level 1. HP: 12/12 MP: 1/1
    40 | D:1      | Reached skill level 3 in Short Blades
   145 | D:1      | Reached XP level 2. HP: 17/17 MP: 2/2
   489 | D:1      | Found a faded altar of an unknown god.
   728 | D:1      | Reached XP level 3. HP: 22/22 MP: 3/3
   999 | D:2      | Reached skill level 4 in Short Blades
   999 | D:2      | Reached XP level 4. HP: 27/27 MP: 4/4
  1748 | D:2      | Reached XP level 5. HP: 32/32 MP: 5/5
  1812 | D:2      | Reached skill level 5 in Short Blades
  2833 | D:4      | Noticed Robin
  2899 | D:4      | Killed Robin
  3163 | D:4      | Found a staircase to the Ecumenical Temple.
  3201 | Temple   | Entered the Ecumenical Temple
  3466 | Temple   | Became a worshipper of Warmaster Okawaru
  3751 | D:4      | Reached XP level 6. HP: 35/37 MP: 6/6
  3896 | D:4      | Reached skill level 6 in Short Blades
  4563 | D:4      | Noticed Dowan
  4566 | D:4      | Noticed Duvessa
  4567 | D:4      | Killed Dowan
  4588 | D:4      | Slain by Duvessa

Illustrated notes

Levels and vault maps discovered:
D:1:      minmay_arrival_diagonal_passages, layout_loops_ring,
          shapermc_ecumenical_altar_gd
D:2:      layout_rooms
D:3:      layout_loops_ring, st_stairs_11, hex_medium, minmay_gold_behind_fungi,
          dk_noncrumbling_2
D:4:      layout_loops_ring, minmay_temple_entry_stoned_glass,
          portal_sewer_entry_f, hangedman_abyss_or_decor_passed,
          kennysheep_donut, uniq_robin, uniq_duvessa
Temple:   nicolae_temple_the_god_donut

Skill      XL: |  1  2  3  4  5  6 |
---------------+-------------------+-----
Short Blades   | 3 4 5 6 |  6.6
Dodging        | 2 3 4 |  4.2
Fighting       | 3 |  3.3
Throwing       | |  2.1
Stealth        | |  5.3

Action                   |  1- 3 |  4- 6 || total
-------------------------+-------+-------++-------
Melee: Dagger            |    35 |   167 ||   202
Throw: Dart              |       |    22 ||    22
  Use: Potion            |       |     1 ||     1
       Scroll            |       |     4 ||     4
 Stab: Sleeping          |    19 |    17 ||    36
       Distracted        |       |     2 ||     2
Armor: Robe              |     3 |    32 ||    35
Dodge: Dodged            |     6 |    95 ||   101
